 Dungeon Crawl Stone Soup version bcrawl-1.20.1-3-gdcb1fc31ed (webtiles) character file.

Game seed: 6329996924747892223

3684 Freyura the Basher (level 9, -4/71 HPs)
             Began as a Demonspawn Gladiator on Feb 5, 2020.
             Killed by divine providence
             ... invoked by an orc priest
              (14 damage)
             ... on level 8 of the Dungeon.
             The game lasted 00:18:30 (7231 turns).

Freyura the Basher (Demonspawn Gladiator)           Turns: 7231, Time: 00:18:30

Health: -4/71      AC: 14    Str: 16    XL:     9   Next: 90%
Magic:  9/9        EV: 10    Int:  9    God:
Gold:   618        SH:  0    Dex: 17    Spells: 8/8 levels left

rFire    . . .     SeeInvis .   A - +0 morningstar
rCold    . . .     Gourm    .   (no shield)
rNeg     . . .     Faith    .   s - +0 chain mail
rPois    .         Spirit   .   c - +2 helmet
rElec    .         Reflect  .   (no cloak)
rCorr    .         Harm     .   (gloves unavailable)
MR       .....                  f - +0 pair of boots
Stlth    ..........             w - amulet of magic regeneration
HPRegen  0.21/turn              l - ring of wizardry
MPRegen  0.36/turn              y - ring of attention (curse)

@: no status effects
A: claws 3, spiny 1
a: no special abilities


You were on level 8 of the Dungeon.
You were not hungry.

You visited 2 branches of the dungeon, and saw 9 of its levels.
You also visited: Sewer.

You collected 618 gold pieces.

Inventory:

Hand Weapons
 a - a +2 flail
 A - a +0 morningstar (weapon)
Missiles
 d - 4 throwing nets (quivered) {!f}
Armour
 c - a +2 helmet (worn)
 f - a +0 pair of boots (worn)
 s - a +0 chain mail (worn)
Jewellery
 l - a ring of wizardry (left claw)
 w - an amulet of magic regeneration (around neck)
 y - a cursed ring of attention (right claw)
Wands
 b - a wand of polymorph (23)
 h - a wand of disintegration (5)
Scrolls
 i - 2 scrolls of teleportation
 j - 2 scrolls of remove curse
 n - 3 scrolls of amnesia
 o - 3 scrolls of enchant weapon
 u - a scroll of identify {unknown}
 x - a scroll of blinking
 z - a scroll of fear {unknown}
Potions
 g - 3 potions of heal wounds
 k - 2 potions of might {unknown}
 m - 2 potions of berserk rage {unknown}
 p - a potion of magic {unknown}
 q - a potion of mutation {unknown}
 r - 2 potions of lignification {unknown}
 t - a potion of ambrosia {unknown}
 v - a potion of curing
 B - a potion of haste {unknown}
Comestibles
 e - 12 rations {!d}


   Skills:
 + Level 6.5 Fighting
 * Level 8.8 Maces & Flails
 - Level 1.7 Throwing
 + Level 5.6 Armour
 + Level 6.4 Dodging


You had 8 spell levels left.
You didn't know any spells.
Your spell library was empty.

Dungeon Overview and Level Annotations

Branches:
Dungeon (8/12)             Temple (1/1) D:7             Orc (0/1) D:8
   Lair: D:7-9

Altars:
Cheibriados
Dithmenos
Fedhas
Gozag
Hepliaklqana
Kikubaaqudgha
Lugonu
Makhleb
Nemelex Xobeh
Okawaru
Qazlal
Ru
Sif Muna
Trog
Uskayaw
Vehumet
Wu Jian
Xom
Yredelemnul
Zin

Shops:
D:7 *


Innate Abilities, Weirdness & Mutations

You have claws for hands.
You are partially covered in sharp spines.


Message History

You are too injured to fight recklessly!
You are too injured to fight recklessly!
You are too injured to fight recklessly!
You are too injured to fight recklessly!
You are too injured to fight recklessly!
You are too injured to fight recklessly!
You are too injured to fight recklessly!
The warg closely misses you. The ogre is struck by your spines.
The ogre hits you with a +0 giant club.
The orc priest calls upon Beogh to heal the orc wizard.
The orc wizard's wounds heal themselves!
Something hits you but does no damage. The warg barely misses you.
There is a stone staircase leading up here.
The orc barely misses you. The ogre is struck by your spines.
The ogre hits you with a +0 giant club!!
* * * LOW HITPOINT WARNING * * *
The warg is struck by your spines. The warg bites you but does no damage.
The orc priest invokes the aid of Beogh against you.
Beogh smites you!
You die...

#. #.# .####.#
.....# # #....#
#.#....#
.#.#....###+###
...............
.#...##@....##.
.....ohOoh.....
......o..o.##..
......o.o..#
......ooo......
...............
......oo.......
...............
...............


You could see 2 wargs, an ogre, 2 orc priests, 2 orc wizards and 7 orcs.

Vanquished Creatures
  A centaur zombie (D:7)
  A hippogriff (D:7)
  Duvessa (D:7)
  An ice beast (D:8)
  An orc warrior (D:7)
  2 black bears (D:6)
  2 sky beasts
  2 ogres
  3 phantoms
  3 centaurs
  4 bullfrogs
  Dowan (D:7)
  2 scorpions (D:5)
  A killer bee (D:4)
  A crimson imp (D:7)
  A howler monkey (D:7)
  A quasit (D:7)
  A hound (D:3)
  A bullfrog zombie (D:5)
  2 jellies
  7 orc wizards
  A centaur skeleton (D:5)
  3 orc priests
  2 gnoll shamans (D:4)
  Jessica (D:2)
  2 iguanas
  6 worker ants
  A hound skeleton (D:5)
  A worker ant zombie (D:8)
  A howler monkey skeleton (D:4)
  9 gnolls
  20 adders
  2 shadow imps
  8 oozes
  2 adder skeletons (D:5)
  2 worms (D:4)
  3 dart slugs
  16 leopard geckos
  38 orcs
  14 ball pythons
  5 bats
  17 giant cockroaches
  10 goblins
  11 hobgoblins
  14 jackals
  5 kobolds
  7 quokkas
  13 frilled lizards
  A quokka skeleton (D:4)
  21 rats
275 creatures vanquished.

Vanquished Creatures (others)
  A leopard gecko (D:2)
  5 toadstools (D:4)
6 creatures vanquished.

Grand Total: 281 creatures vanquished

Notes
Turn   | Place    | Note
-------+----------+-------------------------------------------
     0 | D:1      | Freyura the Demonspawn Gladiator began the quest for the
                  | Orb.
     0 | D:1      | Reached XP level 1. HP: 16/16 MP: 1/1
   338 | D:1      | Gained mutation: You are partially covered in sharp spines.
                  | [demonic ancestry]
   338 | D:1      | Reached XP level 2. HP: 22/22 MP: 2/2
   356 | D:1      | Reached skill level 3 in Maces & Flails
   794 | D:1      | Gained mutation: You have sharp fingernails. [demonic
                  | ancestry]
   794 | D:1      | Reached XP level 3. HP: 28/28 MP: 3/3
   814 | D:1      | Reached skill level 1 in Armour
  1085 | D:2      | Found a radiant altar of Vehumet.
  1135 | D:2      | Noticed Jessica
  1146 | D:2      | Killed Jessica
  1146 | D:2      | Gained mutation: You have very sharp fingernails. [demonic
                  | ancestry]
  1146 | D:2      | Reached XP level 4. HP: 11/34 MP: 4/4
  1153 | D:2      | HP: 1/34 [leopard gecko (3)]
  1802 | D:3      | Gained mutation: You have claws for hands. [demonic
                  | ancestry]
  1802 | D:3      | Reached XP level 5. HP: 36/40 MP: 5/5
  1823 | D:3      | Reached skill level 4 in Maces & Flails
  1968 | D:3      | Found an ornate altar of the Wu Jian Council.
  2391 | D:3      | Reached XP level 6. HP: 46/47 MP: 6/6
  2686 | D:4      | Found an iron altar of Okawaru.
  2877 | D:4      | Reached skill level 5 in Maces & Flails
  2900 | D:4      | Reached XP level 7. HP: 52/53 MP: 7/7
  2954 | D:4      | Found a sacrificial altar of Ru.
  3222 | D:4      | Found an opulent altar of Gozag.
  3287 | D:4      | Found a shadowy altar of Dithmenos.
  3382 | D:4      | Found a glowing silver altar of Zin.
  3611 | D:4      | Found a hazy altar of Hepliaklqana.
  3611 | D:4      | Found a hide-covered altar of Uskayaw.
  3741 | D:5      | Entered Level 5 of the Dungeon
  4339 | D:5      | Reached skill level 6 in Maces & Flails
  4339 | D:5      | Reached XP level 8. HP: 44/61 MP: 8/8
  4480 | D:5      | HP: 3/61 [poisoned by a worker ant]
  4503 | D:5      | Reached skill level 5 in Dodging
  4869 | D:5      | Reached skill level 5 in Fighting
  4973 | D:6      | Reached skill level 7 in Maces & Flails
  5214 | D:6      | Found a sparkling altar of Nemelex Xobeh.
  5266 | D:6      | Found a snail-covered altar of Cheibriados.
  5490 | D:6      | Found a glowing drain.
  5508 | Sewer    | Entered a sewer
  5712 | Sewer    | Reached XP level 9. HP: 56/68 MP: 9/9
  5919 | D:6      | Found a corrupted altar of Lugonu.
  5923 | D:6      | Found a bloodstained altar of Trog.
  6111 | D:6      | Found a stormy altar of Qazlal.
  6141 | D:6      | Found a basalt altar of Yredelemnul.
  6253 | D:7      | Noticed Duvessa
  6254 | D:7      | Noticed Dowan
  6266 | D:7      | Killed Duvessa
  6272 | D:7      | Killed Dowan
  6356 | D:7      | Found a staircase to the Ecumenical Temple.
  6369 | Temple   | Entered the Ecumenical Temple
  6502 | D:7      | Found a shimmering altar of Xom.
  6520 | D:7      | Reached skill level 5 in Armour
  6654 | D:7      | Reached skill level 8 in Maces & Flails
  7071 | D:7      | Found Berphi Oklu's General Store.
  7216 | D:8      | Found a staircase to the Orcish Mines.
  7231 | D:8      | Killed from afar by an orc priest

Skill      XL: |  1  2  3  4  5  6  7  8  9 |
---------------+----------------------------+-----
Maces & Flails | 3 4 5 6 7 8 |  8.8
Armour         | 1 2 3 4 5 |  5.6
Dodging        | 3 4 5 6 |  6.4
Fighting       | 3 4 5 6 |  6.5
Throwing       | |  1.7

Action                   |  1- 3 |  4- 6 |  7- 9 || total
-------------------------+-------+-------+-------++-------
Melee: Flail             |   107 |   181 |   365 ||   653
       Morningstar       |       |       |    18 ||    18
  Use: Scroll            |       |     6 |     5 ||    11
       Potion            |       |     2 |     2 ||     4
 Stab: Sleeping          |     2 |       |       ||     2
  Eat: Chunk             |     1 |     6 |    14 ||    21
Armor: Leather armour    |    21 |       |       ||    21
       Ring mail         |    26 |    21 |       ||    47
       Chain mail        |       |    85 |   273 ||   358
Dodge: Dodged            |    56 |   117 |   198 ||   371
